 Dungeon Crawl Stone Soup version 0.26.1-11-gd32895ea62 (webtiles) character file.

Game seed: 3784756928228393760

448 Tocho the Chopper (level 6, -2/46 (55) HPs)
             Began as a Palentonga Fighter on June 15, 2021.
             Slain by a big kobold
             ... wielding a +2 whip of distortion
              (23 damage)
             ... on level 3 of the Dungeon.
             The game lasted 00:06:42 (3931 turns).

Tocho the Chopper (Palentonga Fighter)              Turns: 3931, Time: 00:06:43

HP:   -2/46 (55)    AC:  9    Str: 21    XL:     6   Next: 73%
MP:   6/6           EV:  4    Int:  9    God:
Gold: 190           SH:  0    Dex:  9    Spells: 5/5 levels left

rFire    . . .     SeeInvis +   a - +0 war axe
rCold    . . .     Faith    .   (no shield)
rNeg     . . .     Spirit   .   g - +0 plate armour
rPois    .         Reflect  .   (no helmet)
rElec    .         Harm     .   (no cloak)
rCorr    .         Rampage  .   (no gloves)
Will     .....                  (no barding)
Stlth    ..........             (no amulet)
HPRegen  0.15/turn              (no ring)
MPRegen  0.10/turn              (no ring)

@: heavily drained
A: large, rugged brown scales 3, see invisible, deformed body, roll 1, armoured
tail
a: Rolling Charge


You were on level 3 of the Dungeon.
You visited 1 branch of the dungeon, and saw 3 of its levels.

You collected 190 gold pieces.

Inventory:

Hand Weapons
 a - a +0 war axe (weapon)
Armour
 b - a +0 scale mail
 c - a +0 kite shield
 g - a +0 plate armour (worn)
Wands
 o - a wand of acid (11)
Scrolls
 f - 3 scrolls of remove curse
 m - a scroll of fog {unknown}
Potions
 d - 4 potions of heal wounds {unknown}
 e - a potion of mutation {unknown}
 h - a potion of attraction {unknown}
 i - 2 potions of haste {unknown}
 j - 2 potions of magic {unknown}
 k - 2 potions of flight {unknown}
 l - a potion of berserk rage {unknown}
 n - a potion of curing


   Skills:
 + Level 4.2 Fighting
 + Level 5.3 Axes
 + Level 3.8 Armour
 + Level 0.7 Dodging
 - Level 2.4 Shields


You had 5 spell levels left.
You didn't know any spells.
Your spell library was empty.

Dungeon Overview and Level Annotations

Branches:
Dungeon (3/15)

Altars:


Innate Abilities, Weirdness & Mutations

You are completely covered in rugged brown scales. (AC +3, +7% HP)
You have supernaturally acute eyesight. (SInv)
Armour fits poorly on your strangely shaped body.
You can roll at nearby foes to attack.
You have a long armoured tail.


Message History

You slash the big kobold!
You kill the big kobold!
You hit the big kobold.
The big kobold is lightly wounded.
The big kobold hits you with a +2 whip of distortion.
Space warps horribly around you!
You miss the big kobold.
Your tail-slap misses the big kobold.
The big kobold is lightly wounded.
The big kobold hits you but does no damage.
You blink.
You completely miss the big kobold.
The big kobold is lightly wounded.
The big kobold hits you but does no damage.
You blink.
You hit the big kobold.
The big kobold is lightly wounded.
The big kobold hits you with a +2 whip of distortion.
Space warps horribly around you!!
Ouch! That really hurt!
You die...

.# ##..# ##.######## .#
#..########.......... .#
#..........#<######## ## ####
##.#######.#.# ####..# #.##
#.#.##### .⌠.##.##### #..#
#.#.....# #.#.#.....# ##.##
#...##.#####
.#..'....K#####..#########8.8##..
....'...KKKKK.KK@................
.#..'...KK######.#######.#8.8##..
#.#.#.....# #.## #.##.##...
.⌠.##.....# #..# #.#..###..
####..##### ##.## #.#.###).. ####
#..# #.#.###... ##.## #.#.....##
#..# #.####### ##.# #.# ######


You could see a big kobold and 7 kobolds.

Vanquished Creatures
  An ogre (D:3)
  A big kobold (D:3)
  Jessica (D:2)
  Natasha (thrice) (D:2)
  The ghost of ew1980 the Sneak, a weakling DrDe (D:3)
  6 adders
  An ooze (D:2)
  4 worms
  4 dart slugs
  3 leopard geckos
  2 ball pythons
  11 bats
  8 giant cockroaches
  13 goblins
  8 hobgoblins
  13 jackals
  8 kobolds
  A quokka (D:3)
  2 frilled lizards (D:2)
  5 rats
96 creatures vanquished.

Notes
Turn   | Place    | Note
-------+----------+-------------------------------------------
     0 | D:1      | Tocho the Palentonga Fighter began the quest for the Orb.
     0 | D:1      | Reached XP level 1. HP: 20/20 MP: 1/1
    90 | D:1      | Reached XP level 2. HP: 25/27 MP: 2/2
   605 | D:1      | Reached XP level 3. HP: 33/33 MP: 3/3
  1291 | D:2      | Noticed Natasha
  1304 | D:2      | Killed Natasha
  1308 | D:2      | Reached XP level 4. HP: 24/40 MP: 4/4
  1411 | D:2      | Reached skill level 3 in Axes
  1529 | D:2      | Noticed Natasha
  1564 | D:2      | HP: 2/40 [Natasha (3)]
  1567 | D:2      | Killed Natasha
  1584 | D:2      | Noticed Natasha
  1617 | D:2      | Killed Natasha
  1618 | D:2      | Reached XP level 5. HP: 4/49 MP: 5/5
  2196 | D:2      | Noticed Jessica
  2208 | D:2      | Killed Jessica
  2209 | D:2      | Reached skill level 4 in Axes
  3341 | D:3      | Noticed an ogre
  3345 | D:3      | Killed an ogre
  3346 | D:3      | Reached XP level 6. HP: 32/55 MP: 6/6
  3729 | D:3      | Reached skill level 5 in Axes
  3885 | D:3      | Found a runed translucent gate.
  3885 | D:3      | Found a runed translucent gate.
  3885 | D:3      | Found a runed translucent gate.
  3887 | D:3      | Noticed ew1980's ghost (weakling DrDe)
  3909 | D:3      | Killed ew1980's ghost
  3931 | D:3      | Slain by a big kobold

Illustrated notes

Levels and vault maps discovered:
D:1:      nicolae_arrival_somewhat_less_tricky_arrival, layout_loops_corners
D:2:      minmay_razor_zed, layout_basic, st_stairs_7, minmay_misc_feat_hallway,
          uniq_natasha, uniq_jessica
D:3:      layout_basic, gammafunk_ghost_nasty_kobolds, st_stairs_2,
          supply_closet_lemuel, small_statue_intersection

Skill      XL: |  1  2  3  4  5  6 |
---------------+-------------------+-----
Armour         | 3 |  3.8
Axes           | 3 4 5 |  5.3
Fighting       | 4 |  4.2
Dodging        | |  0.7
Shields        | |  2.4

Action                   |  1- 3 |  4- 6 || total
-------------------------+-------+-------++-------
Melee: War axe           |    83 |   217 ||   300
       Tailslap          |     9 |    22 ||    31
 Abil: Rolling Charge    |    11 |    21 ||    32
  Use: Scroll            |     4 |     1 ||     5
       Potion            |       |     2 ||     2
Armor: Scale mail        |    26 |       ||    26
       Plate armour      |    44 |   151 ||   195
Dodge: Dodged            |    17 |    54 ||    71
Block: Kite shield       |     1 |       ||     1
